 Dungeon Crawl Stone Soup version 0.23.2-1-ga50397a6bc (webtiles) character file.

Game seed: 1275730894598225349

268 Bapho the Conjurer (level 6, 0/52 HPs)
             Began as a Draconian Conjurer on May 17, 2019.
             Was an Initiate of Vehumet.
             Succumbed to Duvessa's poison
             ... in the Ecumenical Temple.
             The game lasted 00:08:01 (3499 turns).

Bapho the Conjurer (Draconian Conjurer)             Turns: 3499, Time: 00:08:02

Health: 0/52       AC:  6    Str: 10    XL:     6   Next: 0%
Magic:  9/9        EV: 12    Int: 18    God:    Vehumet [......]
Gold:   197        SH:  0    Dex: 11    Spells: 3/10 levels left

rFire    . . .     SeeInvis .   f - +2 hand axe (chop)
rCold    . . .     Gourm    .   (no shield)
rNeg     . . .     Faith    .   (armour unavailable)
rPois    .         Spirit   .   (helmet restricted)
rElec    .         Reflect  .   (no cloak)
rCorr    .         Harm     .   (no gloves)
MR       .....                  (no boots)
Stlth    ++........             (no amulet)
HPRegen  0.17/turn              (no ring)
MPRegen  0.11/turn              (no ring)

@: lethally poisoned (0 -> -8)
A: unfitting armour, cold-blooded, AC +6
a: Renounce Religion


You were in the Ecumenical Temple.
You worshipped Vehumet.
Vehumet was noncommittal.
You were hungry.

You visited 2 branches of the dungeon, and saw 5 of its levels.

You collected 197 gold pieces.

Inventory:

Hand Weapons
 d - a +0 whip
 f - a +2 hand axe of chopping (weapon)
Wands
 r - a wand of disintegration (9)
Scrolls
 a - a scroll of enchant armour {unknown}
 e - 3 scrolls of noise {unknown}
 h - 6 scrolls of identify
 i - a scroll of blinking {unknown}
 j - 2 scrolls of amnesia {unknown}
 l - 3 scrolls of remove curse {unknown}
 m - a scroll of enchant weapon {unknown}
 t - a scroll of teleportation {unknown}
Potions
 c - a potion of might
 g - a potion of lignification {unknown}
 k - a potion of agility
 p - a potion of berserk rage {unknown}
 q - a potion of brilliance {unknown}
 s - a potion of flight {unknown}
Comestibles
 b - 9 rations


   Skills:
 - Level 3.9 Fighting
 - Level 1.7 Dodging
 - Level 1.7 Stealth
 + Level 2.5 Spellcasting
 + Level 5.8 Conjurations


You had 3 spell levels left.
You knew the following spells:

 Your Spells              Type           Power        Failure   Level  Hunger
a - Magic Dart            Conj           ###.         1%          1    #......
b - Searing Ray           Conj           ###...       2%          2    ##.....
c - Iskenderun's Mystic   Conj           ###.....     16%         4    #####..

Your spell library contained the following spells:

 Spells                   Type           Power        Failure   Level  Hunger
 Dazzling Spray           Conj/Hex       ##....       16%         3    ###....
 Force Lance              Conj/Tloc      ##......     45%         4    #####..
 Fulminant Prism          Conj/Hex       ##........   45%         4    #####..


Dungeon Overview and Level Annotations

Branches:
Dungeon (4/15)             Temple (1/1) D:4

Altars:
Ashenzari
Dithmenos
Fedhas
Gozag
Hepliaklqana
Kikubaaqudgha
Makhleb
Nemelex Xobeh
Okawaru
Ru
Sif Muna
Trog
Vehumet
Wu Jian
Xom
Zin
The Shining One

Annotations:
Temple Duvessa


Innate Abilities, Weirdness & Mutations

Your plain brown scales are hard. (AC +6)
You cannot fit into any form of body armour.
You are cold-blooded and may be slowed by cold attacks.


Message History

You feel sick.
You feel sick.
You feel a little less agile now.
You feel sick.
You feel sick. Duvessa barely misses you.
You feel sick.
You feel sick.
You feel sick.
Duvessa hits you with a +1 short sword of venom.
* * * LOW HITPOINT WARNING * * *
You are lethally poisoned!
* * * LOW HITPOINT WARNING * * *
You feel sick.
* * * LOW HITPOINT WARNING * * *
You feel sick.
* * * LOW HITPOINT WARNING * * *
You feel sick.
* * * LOW HITPOINT WARNING * * *
You feel sick.
You die...

.....#≈≈≈≈≈≈≈≈≈≈≈≈≈≈≈≈≈≈≈#.......
.....#≈≈≈#≈≈;≈≈≈≈≈≈≈≈#≈≈≈#....._.
.....#≈≈≈≈≈≈≈≈≈≈≈≈≈≈≈≈≈≈≈#.......
.....##≈≈≈≈≈≈≈≈≈≈≈≈≈≈≈≈≈##.......
._....##≈≈≈≈≈≈≈#≈≈≈;≈≈≈##...._...
.......###≈≈≈≈≈≈≈≈;;≈###.........
.........####≈≈≈≈;####...........
....._......#######......_.......
................@.e.............#
#........_..........._........###
###............_............###
####...................####
#####...........#####
#############


You could see Duvessa and 5 electric eels.

Vanquished Creatures
  A scorpion (D:3)
  Dowan (D:4)
  A hound (D:4)
  Robin (D:3)
  5 adders
  3 oozes
  2 dart slugs (D:1)
  4 leopard geckos
  3 orcs (D:4)
  5 hobgoblins
  9 jackals
  A quokka (D:2)
  6 bats
  2 frilled lizards
  11 goblins
  3 kobolds
  5 rats
63 creatures vanquished.

Notes
Turn   | Place    | Note
-------+----------+-------------------------------------------
     0 | D:1      | Bapho the Draconian Conjurer began the quest for the Orb.
     0 | D:1      | Reached XP level 1. HP: 14/14 MP: 3/3
   199 | D:1      | Reached skill level 1 in Fighting
   214 | D:1      | Reached XP level 2. HP: 22/23 MP: 1/5
   634 | D:2      | Reached XP level 3. HP: 25/29 MP: 3/6
   793 | D:2      | Found an ornate altar of the Wu Jian Council.
   886 | D:2      | Learned a level 2 spell: Searing Ray
  1279 | D:3      | Found a faded altar of an unknown god.
  1295 | D:3      | Reached XP level 4. HP: 37/37 MP: 2/7
  1295 | D:3      | Noticed Robin
  1604 | D:3      | Killed Robin
  1604 | D:3      | Reached skill level 5 in Conjurations
  1948 | D:3      | Reached XP level 5. HP: 21/45 MP: 0/8
  2774 | D:4      | Found a staircase to the Ecumenical Temple.
  2810 | Temple   | Entered the Ecumenical Temple
  3064 | Temple   | Became a worshipper of Vehumet
  3077 | Temple   | Learned a level 4 spell: Iskenderun's Mystic Blast
  3148 | D:4      | Noticed Dowan
  3168 | D:4      | Killed Dowan
  3168 | D:4      | Reached XP level 6. HP: 43/52 MP: 3/9
  3436 | D:4      | Noticed Duvessa
  3446 | D:4      | HP: 2/52 [poisoned by Duvessa]
  3471 | D:4      | HP: 2/52 [poisoned by Duvessa]
  3497 | Temple   | HP: 2/52 [poisoned by Duvessa]
  3499 | Temple   | Succumbed to Duvessa's poison

Skill      XL: |  1  2  3  4 |
---------------+-------------+-----
Fighting       | 1 2 3 |  3.9
Conjurations   | 5 |  5.8
Dodging        | |  1.7
Stealth        | |  1.7
Spellcasting   | |  2.5

Action                   |  1- 3 |  4- 6 || total
-------------------------+-------+-------++-------
Melee: Whip              |    10 |       ||    10
       Unarmed           |     1 |       ||     1
       Hand axe          |    20 |    55 ||    75
       Tailslap          |     1 |     4 ||     5
 Cast: Magic Dart        |    42 |    45 ||    87
       Searing Ray       |       |     3 ||     3
       Iskenderun's Myst |       |     2 ||     2
  Use: Potion            |       |     6 ||     6
       Scroll            |       |     1 ||     1
 Stab: Sleeping          |     1 |     1 ||     2
  Eat: Chunk             |     2 |     7 ||     9
Armor: Skin              |    12 |    18 ||    30
Dodge: Dodged            |    23 |    61 ||    84
